 Dungeon Sprint DCSS version 0.31-b1-19-g70c676f13a (webtiles) character file.

Game seed: 15073921812082217161

55600000 Groucho the Intangible (level 27, 170/228 HPs)
             Began as a Djinni Warper on Jan 18, 2024.
             Was the Champion of Makhleb.
             Escaped with the Orb!
             The game lasted 00:09:49 (278 turns).

Groucho the Intangible (Djinni Warper)               Turns: 278, Time: 00:09:50

Health: 170/228    AC:  6    Str: 10    XL:     27
Gold:   0          EV: 31    Int: 22    God:    Makhleb [******] SH:  0 Dex: 20

rFire   + + .        i - +∞ Axe of Woe
rCold   x . .        (shield currently unavailable)
rNeg    . . .        b - +0 leather armour
rPois   ∞            (no helmet)
rElec   .            (no cloak)
rCorr   .            (no gloves)
SInv    +            (boots unavailable)
Will    ++...        (no amulet)
Stlth   +            c - ring of see invisible
HPRegen 0.58/turn    j - +100 ring of slaying
MPRegen 0.00/turn

%: no teleportation
@: confused, flying, slowed, very slow
A: sickness immunity, fire resistance 2, cold vulnerability 1, float, innate
caster, HP casting, extra vitality 1
0: Orb of Zot
a: Renounce Religion, Minor Destruction, Lesser Servant of Makhleb, Major
Destruction, Greater Servant of Makhleb


You escaped.
You worshipped Makhleb.
Makhleb was exalted by your worship.
You visited 1 branch

Inventory:

Hand Weapons
 a - a +0 hand axe
 i - the +∞ Axe of Woe (weapon)
   (You found it in the Dungeon)
Missiles
 d - 7 darts of dispersal
Armour
 b - a +0 leather armour (worn)
Jewellery
 c - a ring of see invisible (left hand)
 j - a +100 ring of slaying (right hand)
Potions
 e - a potion of curing
 f - a potion of heal wounds
 h - a potion of berserk rage


   Skills:
 O Level 27 Fighting
 O Level 27 Short Blades
 O Level 27 Long Blades
 O Level 27 Axes
 O Level 27 Maces & Flails
 O Level 27 Polearms
 O Level 27 Staves
 O Level 27 Ranged Weapons
 O Level 27 Throwing
 O Level 27 Armour
 O Level 27 Dodging
 O Level 27 Stealth
 O Level 27 Shields
 O Level 27 Unarmed Combat
 O Level 27 Spellcasting
 O Level 27 Conjurations
 O Level 27 Hexes
 O Level 27 Summonings
 O Level 27 Necromancy
 O Level 27 Translocations
 O Level 27 Fire Magic
 O Level 27 Ice Magic
 O Level 27 Air Magic
 O Level 27 Earth Magic
 O Level 27 Alchemy
 O Level 27 Invocations
 O Level 27 Evocations
 O Level 27 Shapeshifting


You knew the following spells:

 Your Spells              Type           Power      Damage    Failure   Level
a - Blink                 Tloc           100%       N/A       0%          2
b - Lesser Beckoning      Tloc           100%       N/A       0%          2
c - Teleport Other        Tloc           99%        N/A       0%          3
d - Manifold Assault      Tloc           99%        N/A       0%          4
e - Vhi's Electric Charg  Tloc/Air       100%       N/A       0%          4
f - Summon Small Mammal   Summ           100%       N/A       0%          1
g - Call Imp              Summ           100%       N/A       0%          2
h - Passwall              Erth           99%        N/A       0%          3
i - Volatile Blastmotes   Fire/Tloc      100%       2d18      0%          3
j - Summon Forest         Summ/Tloc      49%        N/A       0%          5
k - Curse of Agony        Necr           99%        N/A       0%          5
l - Summon Cactus Giant   Summ           49%        N/A       0%          6
m - Enfeeble              Hex            49%        N/A       0%          7
n - Eringya's Noxious Bo  Alch           49%        4d6       0%          6
o - Summon Hydra          Summ           49%        N/A       0%          7
p - Borgnjor's Revivific  Necr           49%        N/A       1%          8
q - Discord               Hex            49%        N/A       1%          8
r - Fire Storm            Conj/Fire      49%        8d13      1%          9
Your spell library was empty.

Dungeon Overview and Level Annotations

Branches:
Dungeon (1/1)

Altars:
Makhleb


Innate Abilities, Weirdness & Mutations

You are immune to sickness and miasma.
You are immune to poison.
Your flesh is very heat resistant. (rF++)
You are vulnerable to cold. (rC-)
You float through the air rather than walking.
You learn spells naturally, not from books.
Your magical power is your life essence.
You have superior vitality. (+4 MHP)


Message History

A vile comes into view. It is wielding a +0 flail.
You hear an angry hiss.
You hear a shout! x2; You hear a roar!
You hear a shout! x3; You hear an angry hiss.
You hear a roar!
You hear a shout! x4
You hear a roar! x2; You hear an angry hiss. x2; You hear a shout! x4
You hear an angry hiss.
You hear a shout! x6; You hear a roar!
You hear a shout!
You hear an angry hiss. x3; You hear a roar!
You hear a shout!
You hear a roar! x2
A vile comes into view. It is wielding a +0 flail.
You hear a grinding noise.
A vile comes into view. It is wielding a +0 flail.
You hear a grinding noise. x3
A scourge comes into view.
Some rock shatters into small pieces.
You hear a grinding noise.
An eight-headed meat hydra comes into view.
A destroyer comes into view. It is wielding a +9 heavy great sword.
You hear a grinding noise. x3
A wretched soul comes into view. x2
You hear a grinding noise. x2
An eight-headed meat hydra comes into view.
A fleshlord comes into view. It is wielding a +9 great mace.
The vile appears out of thin air!
You hear a grinding noise.
Some rock shatters into small pieces. x2
The vile throws damnation at you.
The sphere of damnation explodes!
The damnation engulfs you!!
You hear a grinding noise.
You are confused.
The vile throws damnation at you.
The sphere of damnation explodes!
The damnation engulfs you!!
You are more confused.
The destroyer points at you and mumbles some strange words.
The destroyer blinks!
You are more confused. x2
You hear a grinding noise.
The scourge throws poison at you.
The bolt of poison hits the vile.
The vile completely resists.
The bolt of poison misses you.
You hear a roar!
You have escaped!

.§.. .. 9=
)D)....))
...#).....)# §
WS#.†...))#
o§)##9.).9.).###)
.§)...))..#).))))
#).)....._).)))..
))W§..#..).)#..))
.))p)))_.@)_..))9
)G))).#))9...))).
#...).)V)_..).)..
.†)D.)))......9))
..)###)))...)9..)
..))§#.))).)9#.9)
W))#)..9.)).)9p
☼).)).)9..)))))
))).)....).)...)


You could see 2 eight-headed meat hydras, a destroyer, a scourge, 2 fleshlords,
12 viles and 2 wretched souls.

Vanquished Creatures
  39 molten gargoyles (D)
  Dispater (D)
  57 hell knights (D)
  Sigmund (D)
  27 hell beasts (D)
  Edmund (D)
  16 royal mummies (D)
  41 wraiths (D)
  37 great orbs of eyes (D)
  Harold (D)
  33 vampire knights (D)
  65 ogres (D)
  14 two-headed ogres (D)
  17 liches (D)
  43 hydras (D)
  32 phantoms (D)
  152 orcs (D)
  15 skeletal warriors (D)
  37 sea snakes (D)
629 creatures vanquished.

Vanquished Creatures (others)
  2 orcs (D)
2 creatures vanquished.

Grand Total: 631 creatures vanquished

Notes
Turn   | Place    | Note
-------+----------+-------------------------------------------
     0 | D        | Found the +∞ Axe of Woe
     0 | D        | Groucho the Djinni Warper began the quest for the Orb.
     0 | D        | Groucho set off with the following spells memorised: Blink,
                  | Lesser Beckoning, Teleport Other, Manifold Assault, Vhi's
                  | Electric Charge.
     0 | D        | Reached XP level 1. HP: 18/18 MP: 0/0
     2 | D        | Noticed a meat berserker
     2 | D        | Noticed a bag of meat
     4 | D        | Killed a meat berserker
     4 | D        | Noticed a bag of meat
     4 | D        | Noticed a bag of meat
     5 | D        | Reached skill level 5 in Armour
     5 | D        | Reached XP level 2. HP: 46/46 MP: 0/0
     5 | D        | Reached XP level 3. HP: 51/51 MP: 0/0
     5 | D        | Learned a level 1 spell: Summon Small Mammal
     5 | D        | Reached XP level 4. HP: 58/58 MP: 0/0
     5 | D        | Reached XP level 5. HP: 64/64 MP: 0/0
     5 | D        | Learned a level 2 spell: Call Imp
     5 | D        | Reached XP level 6. HP: 70/70 MP: 0/0
     5 | D        | Reached XP level 7. HP: 76/76 MP: 0/0
     5 | D        | Learned a level 3 spell: Passwall
     5 | D        | Reached XP level 8. HP: 82/82 MP: 0/0
     5 | D        | Reached XP level 9. HP: 87/87 MP: 0/0
     5 | D        | Learned a level 3 spell: Volatile Blastmotes
     5 | D        | Reached XP level 10. HP: 94/94 MP: 0/0
     5 | D        | Reached XP level 11. HP: 100/100 MP: 0/0
     5 | D        | Learned a level 5 spell: Summon Forest
     5 | D        | Reached XP level 12. HP: 106/106 MP: 0/0
     5 | D        | Became a worshipper of Makhleb the Destroyer
     8 | D        | Noticed a bag of meat
     8 | D        | Noticed a bag of meat
     9 | D        | Noticed a bag of meat
     9 | D        | Noticed a bag of meat
     9 | D        | Noticed a bag of meat
     9 | D        | Noticed a bag of meat
     9 | D        | Noticed a meat berserker
     9 | D        | Noticed a bag of meat
     9 | D        | Noticed a bag of meat
    10 | D        | Killed a bag of meat
    10 | D        | Noticed a meat berserker
    10 | D        | Noticed a bag of meat
    10 | D        | Noticed a bag of meat
    11 | D        | Reached skill level 5 in Throwing
    11 | D        | Reached XP level 13. HP: 115/115 MP: 0/0
    11 | D        | Learned a level 5 spell: Curse of Agony
    11 | D        | Killed a bag of meat
    11 | D        | Noticed a meat berserker
    11 | D        | Noticed a meat berserker
    11 | D        | Noticed a bag of meat
    11 | D        | Noticed a bag of meat
    12 | D        | Noticed a bag of meat
    12 | D        | Noticed a meat berserker
    12 | D        | Noticed a bag of meat
    12 | D        | Noticed a bag of meat
    13 | D        | Killed a bag of meat
    13 | D        | Reached * piety under Makhleb
    13 | D        | Killed a bag of meat
    13 | D        | Noticed a bag of meat
    14 | D        | Reached XP level 14. HP: 121/121 MP: 0/0
    14 | D        | Killed a bag of meat
    14 | D        | Reached ** piety under Makhleb
    14 | D        | Killed a meat berserker
    14 | D        | Killed a bag of meat
    14 | D        | Noticed a bag of meat
    15 | D        | Reached XP level 15. HP: 127/127 MP: 0/0
    15 | D        | Learned a level 6 spell: Summon Cactus Giant
    15 | D        | Reached *** piety under Makhleb
    15 | D        | Killed a meat berserker
    16 | D        | Reached skill level 27 in Dodging
    16 | D        | Reached XP level 16. HP: 78/134 MP: 0/0
    16 | D        | Noticed a large bag of meat
    16 | D        | Killed a meat berserker
    16 | D        | Reached **** piety under Makhleb
    16 | D        | Killed a meat berserker
    17 | D        | Reached XP level 17. HP: 81/139 MP: 0/0
    17 | D        | Learned a level 7 spell: Enfeeble
    17 | D        | Reached ***** piety under Makhleb
    17 | D        | Noticed a meat berserker
    18 | D        | Reached skill level 27 in Axes
    18 | D        | Reached XP level 18. HP: 143/146 MP: 0/0
    18 | D        | Killed a meat berserker
    18 | D        | Noticed a destroyer
    20 | D        | Reached skill level 27 in Spellcasting
    20 | D        | Reached skill level 27 in Conjurations
    20 | D        | Reached skill level 27 in Hexes
    20 | D        | Reached skill level 27 in Summonings
    20 | D        | Reached skill level 27 in Necromancy
    20 | D        | Reached skill level 27 in Translocations
    20 | D        | Reached skill level 27 in Fire Magic
    20 | D        | Reached skill level 27 in Ice Magic
    20 | D        | Reached skill level 27 in Air Magic
    20 | D        | Reached skill level 27 in Earth Magic
    20 | D        | Reached skill level 27 in Alchemy
    20 | D        | Noticed a meat berserker
    21 | D        | Reached skill level 27 in Fighting
    21 | D        | Reached XP level 19. HP: 174/174 MP: 0/0
    21 | D        | Learned a level 6 spell: Eringya's Noxious Bog
    22 | D        | Noticed a meat berserker
    23 | D        | Killed a meat berserker
    24 | D        | Noticed a meat berserker
    24 | D        | Noticed a destroyer
    24 | D        | Noticed a large bag of meat
    24 | D        | Noticed a destroyer
    24 | D        | Noticed a large bag of meat
    24 | D        | Noticed a large bag of meat
    24 | D        | Noticed a meat berserker
    25 | D        | Noticed a destroyer
    25 | D        | Killed a destroyer
    25 | D        | Reached ****** piety under Makhleb
    26 | D        | Reached XP level 20. HP: 181/181 MP: 0/0
    26 | D        | Noticed a large bag of meat
    26 | D        | Killed a destroyer
    26 | D        | Killed a large bag of meat
    26 | D        | Killed a meat berserker
    27 | D        | Reached skill level 27 in Invocations
    27 | D        | Reached skill level 27 in Armour
    27 | D        | Reached skill level 10 in Maces & Flails
    27 | D        | Reached XP level 21. HP: 172/187 MP: 0/0
    27 | D        | Learned a level 7 spell: Summon Hydra
    27 | D        | Killed a meat berserker
    27 | D        | Noticed a large bag of meat
    29 | D        | Reached XP level 22. HP: 190/194 MP: 0/0
    29 | D        | Killed a meat berserker
    30 | D        | Reached skill level 27 in Maces & Flails
    30 | D        | Killed a destroyer
    30 | D        | Killed a meat berserker
    30 | D        | Noticed a destroyer
    31 | D        | Reached skill level 27 in Polearms
    31 | D        | Reached XP level 23. HP: 195/201 MP: 0/0
    31 | D        | Learned a level 8 spell: Borgnjor's Revivification
    31 | D        | Killed a large bag of meat
    32 | D        | Killed a large bag of meat
    32 | D        | Killed a destroyer
    33 | D        | Reached skill level 27 in Staves
    33 | D        | Reached XP level 24. HP: 193/208 MP: 0/0
    33 | D        | Killed a large bag of meat
    34 | D        | Killed a large bag of meat
    34 | D        | Noticed a large bag of meat
    35 | D        | Reached skill level 27 in Unarmed Combat
    35 | D        | Noticed a destroyer
    36 | D        | Noticed a destroyer
    37 | D        | Killed a large bag of meat
    37 | D        | Noticed a destroyer
    38 | D        | Reached XP level 25. HP: 35/214 MP: 0/0
    38 | D        | Learned a level 8 spell: Discord
    40 | D        | Killed a destroyer
    41 | D        | Killed a destroyer
    44 | D        | Reached skill level 27 in Throwing
    45 | D        | Killed a destroyer
    46 | D        | Killed a destroyer
    46 | D        | Killed a large bag of meat
    47 | D        | Reached XP level 26. HP: 221/221 MP: 0/0
    47 | D        | Noticed a destroyer
    48 | D        | Reached skill level 27 in Stealth
    49 | D        | Noticed a tyrant
    49 | D        | Killed a destroyer
    49 | D        | Killed a tyrant
    51 | D        | Reached skill level 27 in Short Blades
    53 | D        | Reached XP level 27. HP: 228/228 MP: 0/0
    53 | D        | Learned a level 9 spell: Fire Storm
    53 | D        | Noticed a destroyer
    54 | D        | Reached skill level 27 in Long Blades
    54 | D        | Noticed an accursed
    55 | D        | Killed an accursed
    55 | D        | Killed a destroyer
    56 | D        | Noticed an accursed
    56 | D        | Killed an accursed
    56 | D        | Noticed a tyrant
    57 | D        | Reached skill level 27 in Ranged Weapons
    57 | D        | Reached skill level 15 in Shields
    57 | D        | Killed a tyrant
    59 | D        | Noticed a tyrant
    59 | D        | Noticed a dread
    59 | D        | Noticed a meat beast
    59 | D        | Noticed an accursed
    60 | D        | Killed a tyrant
    60 | D        | Killed an accursed
    60 | D        | Killed a meat beast
    61 | D        | Reached skill level 27 in Shields
    61 | D        | Reached skill level 27 in Evocations
    63 | D        | Noticed a dread
    63 | D        | Killed a dread
    63 | D        | Noticed a tyrant
    64 | D        | Reached skill level 27 in Shapeshifting
    64 | D        | Noticed a dread
    64 | D        | Killed a dread
    64 | D        | Killed a tyrant
    68 | D        | Noticed a meat beast
    68 | D        | Killed a meat beast
    68 | D        | Noticed an accursed
    69 | D        | Killed an accursed
    70 | D        | Noticed a dread
    70 | D        | Killed a dread
    75 | D        | Killed a dread
    76 | D        | Noticed a meat beast
    77 | D        | Killed a meat beast
    80 | D        | Noticed a destroyer
    81 | D        | Killed a destroyer
    81 | D        | Noticed a meat beast
    82 | D        | Noticed a meat beast
    82 | D        | Killed a meat beast
    83 | D        | Noticed a dread
    84 | D        | Killed a meat beast
    84 | D        | Noticed a tyrant
    86 | D        | Killed a dread
    88 | D        | Noticed a meat beast
    88 | D        | Killed a meat beast
    89 | D        | Noticed a dread
    89 | D        | Noticed a tyrant
    90 | D        | Killed a tyrant
    90 | D        | Noticed a tyrant
    92 | D        | Killed a tyrant
    92 | D        | Killed a tyrant
    92 | D        | Noticed a large bag of meat
    93 | D        | Killed a large bag of meat
    95 | D        | Killed a dread
    97 | D        | Noticed a tyrant
    98 | D        | Killed a tyrant
    99 | D        | Noticed a meat beast
   101 | D        | Killed a meat beast
   102 | D        | Noticed a tyrant
   102 | D        | Noticed The Defiler
   102 | D        | Noticed a destroyer
   102 | D        | Noticed a dread
   103 | D        | Killed The Defiler
   103 | D        | Killed a dread
   103 | D        | Noticed a destroyer
   104 | D        | Killed a destroyer
   105 | D        | Killed a destroyer
   105 | D        | Noticed a tyrant
   106 | D        | Noticed a meat beast
   107 | D        | Killed a tyrant
   109 | D        | Noticed a dread
   109 | D        | Killed a dread
   110 | D        | Killed a tyrant
   110 | D        | Killed a meat beast
   110 | D        | Noticed a dread
   111 | D        | Killed a dread
   111 | D        | Noticed an accursed
   112 | D        | Noticed an accursed
   112 | D        | Noticed a meat beast
   113 | D        | Killed a meat beast
   113 | D        | Killed an accursed
   113 | D        | Noticed a fleshlord
   113 | D        | Noticed a destroyer
   114 | D        | Killed a destroyer
   114 | D        | Killed a fleshlord
   115 | D        | Noticed a dread
   116 | D        | Killed a dread
   116 | D        | Noticed a fleshlord
   117 | D        | Killed a fleshlord
   117 | D        | Noticed a dread
   117 | D        | Noticed a large bag of meat
   118 | D        | Killed a large bag of meat
   118 | D        | Killed a dread
   118 | D        | Noticed a fleshlord
   118 | D        | Noticed a fleshlord
   119 | D        | Killed a fleshlord
   119 | D        | Killed a fleshlord
   119 | D        | Killed an accursed
   120 | D        | Noticed a fleshlord
   120 | D        | Noticed a fleshlord
   120 | D        | Killed a fleshlord
   120 | D        | Noticed a fleshlord
   120 | D        | Noticed an accursed
   122 | D        | Killed a fleshlord
   123 | D        | Killed a fleshlord
   123 | D        | Killed an accursed
   124 | D        | Noticed a large bag of meat
   125 | D        | Killed a large bag of meat
   125 | D        | Noticed a meat beast
   126 | D        | Killed a meat beast
   127 | D        | Noticed a destroyer
   128 | D        | Killed a destroyer
   128 | D        | Noticed an accursed
   129 | D        | Killed an accursed
   129 | D        | Noticed a fleshlord
   130 | D        | Killed a fleshlord
   130 | D        | Noticed a fleshlord
   131 | D        | Noticed a meat beast
   131 | D        | Noticed a destroyer
   131 | D        | Killed a meat beast
   131 | D        | Killed a fleshlord
   131 | D        | Killed a destroyer
   131 | D        | Noticed a fleshlord
   132 | D        | Killed a fleshlord
   132 | D        | Noticed an accursed
   133 | D        | Killed an accursed
   134 | D        | Noticed a dread
   135 | D        | Killed a dread
   135 | D        | Noticed a destroyer
   136 | D        | Killed a destroyer
   136 | D        | Noticed a destroyer
   137 | D        | Killed a destroyer
   137 | D        | Noticed a destroyer
   137 | D        | Noticed a fleshlord
   138 | D        | Killed a fleshlord
   138 | D        | Killed a destroyer
   140 | D        | Noticed a fleshlord
   140 | D        | Noticed a tyrant
   140 | D        | Noticed a meat beast
   141 | D        | Killed a fleshlord
   141 | D        | Killed a meat beast
   141 | D        | Killed a tyrant
   141 | D        | Noticed a fleshlord
   142 | D        | Noticed a destroyer
   142 | D        | Killed a fleshlord
   142 | D        | Killed a destroyer
   142 | D        | Noticed a dread
   143 | D        | Noticed a fleshlord
   144 | D        | Noticed a fleshlord
   145 | D        | Noticed a fleshlord
   145 | D        | Killed a fleshlord
   145 | D        | Killed a fleshlord
   145 | D        | Noticed a meat beast
   146 | D        | Killed a fleshlord
   146 | D        | Killed a meat beast
   147 | D        | Noticed a meat beast
   147 | D        | Noticed a fleshlord
   148 | D        | Killed a fleshlord
   149 | D        | Noticed a fleshlord
   150 | D        | Noticed a fleshlord
   150 | D        | Killed a fleshlord
   150 | D        | Killed a fleshlord
   150 | D        | Killed a dread
   151 | D        | Killed a meat beast
   151 | D        | Noticed The Servant
   152 | D        | Killed The Servant
   152 | D        | Noticed a meat beast
   153 | D        | Noticed a dread
   153 | D        | Killed a meat beast
   153 | D        | Killed a dread
   154 | D        | Noticed a dread
   155 | D        | Noticed an accursed
   157 | D        | Killed a dread
   157 | D        | Noticed a meat beast
   157 | D        | Noticed a fleshlord
   158 | D        | Killed a fleshlord
   158 | D        | Killed a meat beast
   158 | D        | Noticed an accursed
   159 | D        | Killed an accursed
   159 | D        | Noticed a dread
   160 | D        | Killed a dread
   160 | D        | Killed an accursed
   161 | D        | Noticed a dread
   161 | D        | Noticed a destroyer
   162 | D        | Killed a dread
   162 | D        | Killed a destroyer
   163 | D        | Noticed a destroyer
   163 | D        | Noticed a fleshlord
   163 | D        | Noticed a tyrant
   164 | D        | Killed a destroyer
   164 | D        | Killed a fleshlord
   164 | D        | Noticed a meat beast
   165 | D        | Killed a tyrant
   166 | D        | Killed a meat beast
   166 | D        | Noticed an accursed
   167 | D        | Noticed a dread
   168 | D        | Killed a dread
   168 | D        | Killed an accursed
   168 | D        | Noticed a tyrant
   169 | D        | Killed a tyrant
   169 | D        | Noticed a meat beast
   170 | D        | Killed a meat beast
   173 | D        | Noticed a fleshlord
   173 | D        | Noticed a dread
   174 | D        | Killed a dread
   174 | D        | Killed a fleshlord
   174 | D        | Noticed a meat beast
   174 | D        | Noticed a destroyer
   174 | D        | Noticed a meat beast
   175 | D        | Killed a meat beast
   175 | D        | Killed a meat beast
   175 | D        | Killed a destroyer
   175 | D        | Noticed a dread
   177 | D        | Noticed a fleshlord
   177 | D        | Noticed a tyrant
   177 | D        | Noticed a meat beast
   178 | D        | Killed a tyrant
   178 | D        | Killed a meat beast
   178 | D        | Noticed a meat beast
   178 | D        | Noticed an accursed
   178 | D        | Noticed a dread
   179 | D        | Killed an accursed
   179 | D        | Noticed a dread
   179 | D        | Noticed a fleshlord
   180 | D        | Killed a meat beast
   180 | D        | Noticed a fleshlord
   181 | D        | Killed a fleshlord
   181 | D        | Killed a fleshlord
   181 | D        | Noticed a fleshlord
   182 | D        | Killed a fleshlord
   182 | D        | Killed a fleshlord
   182 | D        | Noticed a tyrant
   183 | D        | Killed a tyrant
   183 | D        | Killed a dread
   183 | D        | Killed a dread
   184 | D        | Killed a dread
   184 | D        | Noticed a dread
   185 | D        | Killed a dread
   186 | D        | Noticed a large bag of meat
   186 | D        | Noticed a meat beast
   187 | D        | Killed a meat beast
   187 | D        | Killed a large bag of meat
   187 | D        | Noticed a meat beast
   187 | D        | Noticed a fleshlord
   187 | D        | Noticed an accursed
   187 | D        | Noticed a fleshlord
   188 | D        | Killed an accursed
   188 | D        | Killed a fleshlord
   188 | D        | Killed a meat beast
   188 | D        | Killed a fleshlord
   188 | D        | Noticed a fleshlord
   189 | D        | Killed a fleshlord
   189 | D        | Noticed a dread
   190 | D        | Killed a dread
   190 | D        | Noticed a fleshlord
   191 | D        | Killed a fleshlord
   192 | D        | Noticed a dread
   192 | D        | Noticed a dread
   192 | D        | Noticed a fleshlord
   193 | D        | Noticed a dread
   193 | D        | Killed a dread
   193 | D        | Noticed a dread
   194 | D        | Noticed a large bag of meat
   194 | D        | Killed a large bag of meat
   194 | D        | Killed a fleshlord
   194 | D        | Killed a dread
   194 | D        | Noticed a tyrant
   194 | D        | Noticed a fleshlord
   195 | D        | Killed a fleshlord
   195 | D        | Killed a dread
   195 | D        | Noticed a fleshlord
   196 | D        | Killed a tyrant
   196 | D        | Noticed a fleshlord
   197 | D        | Killed a dread
   197 | D        | Killed a fleshlord
   197 | D        | Killed a fleshlord
   200 | D        | Noticed a fleshlord
   201 | D        | Killed a fleshlord
   201 | D        | Noticed a destroyer
   201 | D        | Noticed a fleshlord
   202 | D        | Killed a fleshlord
   202 | D        | Killed a destroyer
   202 | D        | Noticed a destroyer
   203 | D        | Killed a destroyer
   203 | D        | Noticed a dread
   204 | D        | Killed a dread
   204 | D        | Noticed a fleshlord
   205 | D        | Killed a fleshlord
   205 | D        | Noticed a destroyer
   206 | D        | Killed a destroyer
   207 | D        | Noticed a dread
   207 | D        | Killed a dread
   208 | D        | Noticed a fleshlord
   208 | D        | Noticed a large bag of meat
   209 | D        | Killed a large bag of meat
   209 | D        | Killed a fleshlord
   209 | D        | Noticed a fleshlord
   209 | D        | Noticed a dread
   210 | D        | Killed a fleshlord
   210 | D        | Killed a dread
   211 | D        | Noticed a tyrant
   212 | D        | Noticed an accursed
   213 | D        | Killed a tyrant
   214 | D        | Noticed a vile
   214 | D        | Killed a vile
   214 | D        | Killed an accursed
   214 | D        | Noticed a vile
   214 | D        | Noticed a destroyer
   214 | D        | Noticed a meat beast
   215 | D        | Killed a meat beast
   215 | D        | Killed a destroyer
   215 | D        | Noticed a destroyer
   215 | D        | Noticed a fleshlord
   216 | D        | Killed a vile
   216 | D        | Killed a destroyer
   217 | D        | Killed a fleshlord
   218 | D        | Noticed a vile
   219 | D        | Killed a vile
   219 | D        | Noticed a vile
   219 | D        | Noticed a fleshlord
   220 | D        | Killed a fleshlord
   220 | D        | Killed a vile
   224 | D        | Noticed a vile
   224 | D        | Noticed a fleshlord
   224 | D        | Noticed a fleshlord
   225 | D        | Killed a fleshlord
   225 | D        | Killed a fleshlord
   225 | D        | Killed a vile
   225 | D        | Noticed a dread
   225 | D        | Noticed a fleshlord
   226 | D        | Killed a dread
   226 | D        | Killed a fleshlord
   226 | D        | Noticed a dread
   227 | D        | Killed a dread
   228 | D        | Noticed a fleshlord
   228 | D        | Killed a fleshlord
   228 | D        | Noticed a dread
   228 | D        | Noticed a vile
   229 | D        | Killed a vile
   229 | D        | Killed a dread
   229 | D        | Noticed a vile
   230 | D        | Killed a vile
   230 | D        | Noticed a vile
   231 | D        | Killed a vile
   231 | D        | Noticed an accursed
   232 | D        | Killed an accursed
   232 | D        | Noticed a dread
   232 | D        | Noticed The Captor
   233 | D        | Killed The Captor
   233 | D        | Killed a dread
   233 | D        | Noticed a fleshlord
   234 | D        | Killed a fleshlord
   234 | D        | Noticed a vile
   235 | D        | Killed a vile
   237 | D        | Noticed a fleshlord
   237 | D        | Noticed a dread
   238 | D        | Killed a dread
   238 | D        | Killed a fleshlord
   238 | D        | Noticed a vile
   238 | D        | Noticed a fleshlord
   239 | D        | Killed a vile
   239 | D        | Killed a fleshlord
   239 | D        | Noticed a vile
   239 | D        | Noticed a destroyer
   240 | D        | Killed a destroyer
   242 | D        | Killed a vile
   245 | D        | Noticed a dread
   246 | D        | Killed a dread
   246 | D        | Noticed a fleshlord
   247 | D        | Killed a fleshlord
   247 | D        | Noticed a vile
   248 | D        | Killed a vile
   249 | D        | Noticed a vile
   249 | D        | Noticed a vile
   249 | D        | Noticed a destroyer
   249 | D        | Noticed a fleshlord
   250 | D        | Killed a destroyer
   250 | D        | Killed a vile
   250 | D        | Killed a vile
   250 | D        | Killed a fleshlord
   250 | D        | Noticed a meat beast
   250 | D        | Noticed a destroyer
   251 | D        | Killed a meat beast
   251 | D        | Killed a destroyer
   251 | D        | Noticed a destroyer
   252 | D        | Killed a destroyer
   252 | D        | Noticed a fleshlord
   252 | D        | Noticed a vile
   253 | D        | Killed a fleshlord
   253 | D        | Killed a vile
   253 | D        | Noticed a meat beast
   254 | D        | Noticed a fleshlord
   254 | D        | Noticed a dread
   254 | D        | Noticed a vile
   254 | D        | Noticed a destroyer
   255 | D        | Killed a fleshlord
   255 | D        | Killed a vile
   255 | D        | Killed a dread
   255 | D        | Killed a destroyer
   256 | D        | Killed a meat beast
   256 | D        | Noticed a vile
   256 | D        | Noticed a dread
   257 | D        | Noticed a vile
   257 | D        | Killed a vile
   257 | D        | Killed a vile
   257 | D        | Killed a dread
   258 | D        | Noticed a fleshlord
   259 | D        | Killed a fleshlord
   259 | D        | Noticed a vile
   259 | D        | Noticed a fleshlord
   259 | D        | Noticed a vile
   259 | D        | Noticed a vile
   260 | D        | Killed a fleshlord
   260 | D        | Killed a vile
   260 | D        | Killed a vile
   260 | D        | Killed a vile
   260 | D        | Noticed a dread
   260 | D        | Noticed a dread
   261 | D        | Killed a dread
   261 | D        | Killed a dread
   261 | D        | Noticed a vile
   261 | D        | Noticed a vile
   262 | D        | Killed a vile
   262 | D        | Killed a vile
   262 | D        | Noticed a fleshlord
   263 | D        | Killed a fleshlord
   263 | D        | Noticed a vile
   263 | D        | Noticed a large bag of meat
   264 | D        | Killed a large bag of meat
   264 | D        | Noticed a vile
   264 | D        | Noticed a vile
   265 | D        | Noticed a vile
   265 | D        | Killed a vile
   265 | D        | Killed a vile
   265 | D        | Killed a vile
   265 | D        | Noticed a vile
   265 | D        | Noticed a vile
   266 | D        | Killed a vile
   266 | D        | Killed a vile
   266 | D        | Noticed a vile
   267 | D        | Noticed a vile
   267 | D        | Killed a vile
   267 | D        | Killed a vile
   267 | D        | Killed a vile
   267 | D        | Noticed a vile
   268 | D        | Killed a vile
   269 | D        | Noticed a vile
   269 | D        | Killed a vile
   269 | D        | Noticed a vile
   270 | D        | Noticed a vile
   270 | D        | Killed a vile
   270 | D        | Killed a vile
   270 | D        | Noticed a vile
   270 | D        | Noticed a vile
   271 | D        | Killed a vile
   271 | D        | Killed a vile
   271 | D        | Noticed a fleshlord
   272 | D        | Killed a fleshlord
   273 | D        | Noticed a fleshlord
   273 | D        | Noticed a vile
   274 | D        | Noticed a vile
   274 | D        | Killed a vile
   274 | D        | Killed a vile
   274 | D        | Killed a fleshlord
   274 | D        | Noticed The Meatlord
   275 | D        | Killed The Meatlord
   275 | D        | Noticed a vile
   276 | D        | Got the Orb of Zot
   276 | D        | Noticed a vile
   276 | D        | Noticed a vile
   276 | D        | Noticed a destroyer
   276 | D        | Noticed a fleshlord
   277 | D        | Noticed a vile
   277 | D        | Noticed a vile
   277 | D        | Noticed a vile
   277 | D        | Noticed a fleshlord
   277 | D        | Noticed a vile
   277 | D        | Noticed a vile
   277 | D        | Noticed a vile
   277 | D        | Noticed a vile
   278 | D        | Noticed a vile
   278 | D        | Noticed a vile
   278 | D        | Escaped with the Orb!

Illustrated notes

Levels and vault maps discovered:
D:        meatsprint

Skill      XL: |  1  2  3  4  5  6  7  8  9 10 11 12 13 14 15 16 17 18 19 20 21 22 23 24 25 26 27 |
---------------+----------------------------------------------------------------------------------+-----
Fighting       | 17 18 27 | 27.0
Axes           | 14 16 18 21 24 26 27 | 27.0
Throwing       | 4 5 18 27 | 27.0
Armour         | 5 6 27 | 27.0
Dodging        | 17 19 22 25 27 | 27.0
Spellcasting   | 9 14 18 22 24 27 | 27.0
Conjurations   | 9 14 18 22 24 27 | 27.0
Hexes          | 9 14 18 22 24 27 | 27.0
Summonings     | 9 14 18 22 24 27 | 27.0
Necromancy     | 9 14 18 22 24 27 | 27.0
Translocations | 9 14 18 22 24 27 | 27.0
Fire Magic     | 9 14 18 22 24 27 | 27.0
Ice Magic      | 9 14 18 22 24 27 | 27.0
Air Magic      | 9 14 18 22 24 27 | 27.0
Earth Magic    | 9 14 18 22 24 27 | 27.0
Alchemy        | 9 14 18 22 24 27 | 27.0
Invocations    | 7 26 27 | 27.0
Maces & Flails | 10 26 27 | 27.0
Polearms       | 27 | 27.0
Staves         | 4 27 | 27.0
Unarmed Combat | 14 27 | 27.0
Stealth        | 26 27 | 27.0
Short Blades   | 27 | 27.0
Long Blades    | 18 27 | 27.0
Ranged Weapons | 27 | 27.0
Shields        | 27 | 27.0
Evocations     | 27 | 27.0
Shapeshifting  | 27 | 27.0

Action                     |  1- 3 |  4- 6 |  7- 9 | 10-12 | 13-15 | 16-18 | 19-21 | 22-24 | 25-27 || total
---------------------------+-------+-------+-------+-------+-------+-------+-------+-------+-------++-------
  Melee: Executioner's axe |     1 |       |       |     1 |     4 |     5 |     6 |     8 |   578 ||   603
   Cast: Manifold Assault  |       |       |       |       |       |       |       |       |   192 ||   192
 Invoke: Greater Servant o |       |       |       |       |       |       |     1 |       |       ||     1
    Use: Scroll            |       |       |       |       |       |       |     1 |       |     1 ||     2
         Potion            |       |       |       |       |       |       |       |       |     1 ||     1
 Armour: Leather armour    |       |       |       |       |     1 |       |     4 |    15 |     7 ||    27
  Dodge: Dodged            |       |       |       |       |     2 |       |       |       |     3 ||     5
